 Dungeon Crawl Stone Soup version 0.25-a0-424-g80bd347ae0 (webtiles) character file.

Game seed: 7321562061729939980, levelgen mode: deterministic

732 DerDa the Sneak (level 7, -1/55 HPs)
             Began as a Naga Wizard on Jan 20, 2020.
             Slain by an orc warrior
             ... wielding a +0 trident
              (16 damage)
             ... on level 6 of the Dungeon.
             The game lasted 00:18:09 (5790 turns).

DerDa the Sneak (Naga Wizard)                       Turns: 5790, Time: 00:18:10

Health: -1/55      AC:  6    Str:  9    XL:     7   Next: 73%
Magic:  7/14       EV: 15    Int: 21    God:
Gold:   240        SH:  0    Dex:  9    Spells: 10/16 levels left

rFire    . . .     SeeInvis +   H - +1 spear (vorpal)
rCold    . . .     Gourm    .   (no shield)
rNeg     . . .     Faith    .   a - +0 robe
rPois    +         Spirit   .   b - +0 hat
rElec    .         Reflect  .   (no cloak)
rCorr    .         Harm     .   (no gloves)
MR       .....                  (no barding)
Stlth    +++.......             (no amulet)
HPRegen  0.18/turn              c - +5 ring of evasion
MPRegen  0.14/turn              q - +3 ring of protection

@: very slow
A: large, see invisible, deformed body, poison resistance, slowness 2, slow
metabolism 1, spit poison 1, AC +2
a: Spit Poison


You were on level 6 of the Dungeon.
You were hungry.

You visited 1 branch of the dungeon, and saw 6 of its levels.
You also visited: Ossuary.

You collected 240 gold pieces.

Inventory:

Hand Weapons
 g - a +0 short sword
 H - a +1 vorpal spear (weapon)
Missiles
 e - 95 stones (quivered)
 h - 6 atropa-tipped darts
 i - 28 bolts
 p - 18 poisoned darts
Armour
 a - a +0 robe (worn)
 b - a +0 hat (worn)
Jewellery
 c - a +5 ring of evasion (left hand)
 q - a +3 ring of protection (right hand)
 G - an uncursed ring of fire
Wands
 u - a wand of random effects (10)
Scrolls
 f - 2 scrolls of amnesia
 z - 3 scrolls of teleportation {unknown}
 A - 2 scrolls of immolation
 B - a scroll of enchant weapon {unknown}
Potions
 k - 4 potions of might
 l - 7 potions of lignification {unknown}
 n - 2 potions of brilliance {unknown}
 o - 3 potions of haste {unknown}
 r - a potion of magic {unknown}
 s - 2 potions of heal wounds {unknown}
 t - 2 potions of mutation {unknown}
 w - 5 potions of ambrosia {unknown}
 x - 2 potions of invisibility {unknown}
 C - 7 potions of degeneration {unknown}
 D - a potion of curing {unknown}
 E - a potion of flight {unknown}
Comestibles
 d - 7 rations


   Skills:
 - Level 1.5 Dodging
 + Level 5.8 Stealth
 * Level 5.1 Spellcasting
 * Level 4.6 Conjurations
   Level 1.0 Summonings
 - Level 1.0 Translocations
 + Level 2.3 Air Magic
 + Level 3.2 Poison Magic


You had 10 spell levels left.
You knew the following spells:

 Your Spells              Type           Power        Failure   Level  Hunger
a - Magic Dart            Conj           ###.         1%          1    None
b - Mephitic Cloud        Conj/Pois/Air  ###.....     8%          3    ##.....
q - Blink                 Tloc           N/A          11%         2    None

Your spell library contained the following spells:

 Spells                   Type           Power        Failure   Level  Hunger
 Apportation              Tloc           #.....       7%          1    None
 Summon Small Mammal      Summ           #...         7%          1    None
 Animate Skeleton         Necr           N/A          11%         1    None
 Corona                   Hex            #......      11%         1    None
 Call Imp                 Summ           #.......     11%         2    None
 Conjure Flame            Conj/Fire      ###.....     12%         3    ##.....
 Slow                     Hex            #.......     16%         2    None


Dungeon Overview and Level Annotations

Branches:
Dungeon (6/15)            Ossuary (visited)
 Temple: D:4-7

Altars:
Fedhas
Makhleb
Nemelex Xobeh
Trog
Yredelemnul
The Shining One

Annotations:
D:5 Blork the orc, Edmund, Grinder, Menkaure


Innate Abilities, Weirdness & Mutations

You cannot wear boots.
Your serpentine skin is tough. (AC +2)
You have supernaturally acute eyesight. (SInv)
Armour fits poorly on your strangely shaped body.
Your system is resistant to poisons. (rPois)
You cover ground very slowly.
You have a slow metabolism.
You can spit poison.


Message History

The orc warrior misses you.
Items here: ))) [[ †† The orc hits you.
You see here 3 stones.
The orc barely misses you. The orc hits you but does no damage.
The orc barely misses you. The orc misses you.
The orc throws a stone.
The stone closely misses you. The orc hits you but does no damage.
You see here a stone.
The orc wizard gestures wildly while chanting.
The orc wizard blinks!
The orc throws a stone.
The stone barely misses you.
You see here a stone.
The orc warrior zaps a wand.
You are blasted!
The orc warrior zaps a wand.
You are blasted!
* * * LOW HITPOINT WARNING * * *
The orc warrior hits you from afar with a +0 trident!
You die...

...#####o(.....#
#.......# ...# ####o####
#.......# ## .o.# #.####
#####.#.+ #. ...# #o#..
.# #.#.# ## ..o# #.#.#
.# #.#.# .o.# #o#.###.#
#.#.#### ((## #.o.o.#.#
#......# ###
.......#.#.#.######.####
.#####.#.#.@.......<# #
#.#.....########
#.####### #.# #.# ..


You could see an orc warrior.

Vanquished Creatures
  An ogre (D:5)
  A scorpion (D:6)
  A crimson imp (D:5)
  3 hounds
  A centaur skeleton (D:4)
  A bullfrog skeleton (D:4)
  An iguana (D:5)
  3 worker ants
  A big kobold zombie (Ossuary)
  4 mummies (Ossuary)
  A worker ant zombie (D:6)
  3 gnolls (D:3)
  A howler monkey skeleton (D:4)
  9 adders
  An adder zombie (D:6)
  5 worms
  2 dart slugs
  2 leopard geckos (D:1)
  13 orcs
  A ball python (D:2)
  2 bats
  7 giant cockroaches
  A gnoll zombie (Ossuary)
  4 hobgoblins
  2 jackals (D:4)
  8 kobolds
  5 quokkas
  8 frilled lizards
  6 goblins
  A goblin zombie (Ossuary)
  2 hobgoblin zombies (Ossuary)
  2 kobold zombies (Ossuary)
  An orc zombie (Ossuary)
  5 rats
109 creatures vanquished.

Notes
Turn   | Place    | Note
-------+----------+-------------------------------------------
     0 | D:1      | DerDa the Naga Wizard began the quest for the Orb.
     0 | D:1      | Reached XP level 1. HP: 15/15 MP: 4/4
   170 | D:1      | Reached XP level 2. HP: 22/22 MP: 1/6
   768 | D:1      | Reached XP level 3. HP: 25/28 MP: 4/7
  1452 | D:2      | Reached XP level 4. HP: 36/36 MP: 6/9
  1601 | D:2      | Learned a level 3 spell: Mephitic Cloud
  1604 | D:2      | Learned a level 2 spell: Blink
  1748 | D:2      | Found a glowing golden altar of the Shining One.
  2123 | D:3      | Found a basalt altar of Yredelemnul.
  2433 | D:3      | Found a sparkling altar of Nemelex Xobeh.
  2433 | D:3      | Found a blossoming altar of Fedhas.
  2459 | D:3      | Reached skill level 1 in Poison Magic
  2459 | D:3      | Reached XP level 5. HP: 31/42 MP: 0/10
  3177 | D:4      | Found a sand-covered staircase.
  3198 | D:4      | Reached skill level 1 in Air Magic
  3238 | Ossuary  | Entered an ossuary
  3335 | Ossuary  | Reached XP level 6. HP: 32/49 MP: 4/12
  4258 | D:5      | Entered Level 5 of the Dungeon
  4292 | D:5      | Noticed Edmund
  4293 | D:5      | Noticed Blork the orc
  4330 | D:5      | Reached skill level 5 in Stealth
  4433 | D:5      | Reached XP level 7. HP: 55/55 MP: 3/14
  4486 | D:5      | Found a bloodstained altar of Trog.
  4885 | D:5      | Noticed Grinder
  4895 | D:5      | Noticed Menkaure
  5136 | D:5      | Found a burning altar of Makhleb.
  5274 | D:5      | Reached skill level 5 in Spellcasting
  5790 | D:6      | Slain by an orc warrior

Levels and vault maps discovered:
D:1:      lemuel_arrival_cross, layout_loops_corners
D:2:      minmay_wonky_spiral, layout_loops_corners, marbit_many_paths
D:3:      layout_rooms, gammafunk_temple_overflow_wave,
          yredelemnul_altar_generic
D:4:      layout_gridville, enter_ossuary_1, kennysheep_path_1
D:5:      layout_cave_pods, old_standard_altar, first_ration,
          trog_three_pillars_becter, uniq_grinder, uniq_edmund, uniq_menkaure,
          uniq_blork_the_orc
D:6:      layout_loops_cross, kennysheep_little_box,
          minmay_temple_entry_junction, serial_shops, shop

Skill      XL: |  1  2  3  4  5  6  7 |
---------------+----------------------+-----
Conjurations   | 2 3 4 |  4.6
Stealth        | 4 5 |  5.8
Poison Magic   | 1 2 3 |  3.2
Spellcasting   | 4 5 |  5.1
Air Magic      | 1 2 |  2.3
Dodging        | |  1.5
Summonings     | |  1.0
Translocations | |  1.0

Action                   |  1- 3 |  4- 6 |  7- 9 || total
-------------------------+-------+-------+-------++-------
Melee: Short sword       |     1 |    39 |       ||    40
       Spear             |       |     2 |    20 ||    22
Throw: Stone             |     1 |       |       ||     1
 Cast: Magic Dart        |    67 |   189 |    97 ||   353
       Mephitic Cloud    |       |     1 |     1 ||     2
 Abil: Spit Poison       |     8 |    16 |    16 ||    40
  Use: Potion            |       |     1 |       ||     1
       Scroll            |       |     7 |       ||     7
  Eat: Chunk             |     1 |     6 |     3 ||    10
       Ration            |       |     1 |       ||     1
Armor: Robe              |       |    17 |    22 ||    39
Dodge: Dodged            |    10 |    79 |    59 ||   148

Table legend:
 A = Non-vault XP
 B = Vault XP
 C = Vault XP percentage of total XP
 D = Non-vault monster count
 E = Vault monster count
 F = Vault count percentage of total count
                 A         B        C        D         E       F
            +---------+---------+-------+---------+---------+-------
      Total |     921 |     126 |  12.0 |      94 |      15 |  13.8
            +---------+---------+-------+---------+---------+-------
        D:1 |      35 |       0 |   0.0 |      20 |       0 |   0.0
        D:2 |      60 |      19 |  24.1 |      19 |       3 |  13.6
        D:3 |      80 |       0 |   0.0 |      14 |       0 |   0.0
        D:4 |     181 |       0 |   0.0 |      12 |       0 |   0.0
        D:5 |     417 |       0 |   0.0 |      16 |       0 |   0.0
        D:6 |     148 |       0 |   0.0 |      13 |       0 |   0.0
    Ossuary |       0 |     107 | 100.0 |       0 |      12 | 100.0
            +---------+---------+-------+---------+---------+-------
